Map: Oxide LE

Players

Trap - Winner!

  • Race: Protoss Protoss
  • League: Master
  • Spawn Location: 1:00

Serral

  • Race: Zerg Zerg
  • Spawn Location: 7:00

VOD

Have the link to the VOD?

Description

Time

  • Played on: Jan. 17, 2021, 12:48 p.m.
  • Length: 11:39
Show
View Real Time Build Order
Export as new Build Order

Trap Protoss - Winner!

Build Orders: 1 Gate Expand, Oracle Opening 

Get SALT Encoding   

  12  0:00  Probe  
  13  0:14  Pylon  
  13  0:17  Probe (Chrono Boost)  
  14  0:27  Probe (Chrono Boost)  
  15  0:32  Probe (Chrono Boost)  
  16  0:41  Gateway  
  16  0:43  Probe  
  16  0:49  Assimilator  
  17  0:55  Probe  
  18  1:08  Probe  
  19  1:20  Probe  
  19  1:24  Nexus  
  20  1:34  Cybernetics Core  
  20  1:38  Probe  
  21  1:44  Assimilator  
  21  1:50  Probe  
  22  1:55  Pylon  
  22  2:02  Probe (Chrono Boost)  
  23  2:10  Stalker (Chrono Boost)  
  23  2:11  Warp Gate  
  23  2:14  Probe (Chrono Boost)  
  27  2:23  Probe (Chrono Boost)  
  27  2:30  Probe (Chrono Boost)  
  27  2:33  Stargate  
  27  2:36  Probe (Chrono Boost)  
  29  2:38  Adept  
  32  2:46  Probe x2 (Chrono Boost)  
  33  2:51  Probe  
  33  2:53  Probe  
  35  3:03  Probe  
  35  3:04  Gateway  
  35  3:05  Probe  
  37  3:07  Void Ray (Chrono Boost)  
  37  3:11  Adept  
  39  3:18  Probe  
  44  3:23  Pylon, Probe  
  45  3:30  Probe  
  46  3:40  Pylon, Oracle (Chrono Boost)  
  46  3:41  Probe  
  46  3:42  Probe  
  51  3:53  Probe  
  51  3:54  Probe  
  53  3:58  Nexus  
  53  4:01  Pylon  
  53  4:05  Probe  
  53  4:06  Probe  
  55  4:11  Assimilator  
  55  4:12  Assimilator  
  55  4:15  Stargate  
  55  4:19  Probe x2  
  55  4:21  Shield Battery  
  57  4:30  Void Ray (Chrono Boost)  
  57  4:34  Probe x2  
  63  4:42  Pylon  
  63  4:48  Pylon, Probe x2  
  65  4:57  Pylon, Void Ray (Chrono Boost)  
  65  5:00  Probe x2  
  65  5:05  Void Ray (Chrono Boost)  
  65  5:07  Gateway x2  
  75  5:15  Probe x3  
  78  5:24  Forge  
  78  5:25  Twilight Council  
  78  5:27  Void Ray  
  78  5:28  Probe (Chrono Boost)  
  81  5:29  Probe (Chrono Boost)  
  81  5:30  Probe (Chrono Boost)  
  85  5:40  Probe (Chrono Boost)  
  86  5:46  Probe (Chrono Boost)  
  86  5:48  Probe x2 (Chrono Boost)  
  89  5:52  Gateway  
  89  5:53  Protoss Ground Weapons Level 1 (Chrono Boost), Assimilator x2, Gateway, Charge (Chrono Boost)  
  89  5:54  Pylon  
  89  5:59  Zealot x2  
  93  6:08  Probe x2  
  93  6:09  Probe  
  96  6:16  Templar Archives  
  96  6:18  Pylon  
  96  6:22  Gateway  
  96  6:23  Gateway  
  96  6:25  Sentry, Zealot  
  100  6:31  Gateway  
  100  6:35  Psionic Storm  
  100  6:51  Zealot x4  
  100  6:54  Probe x3  
  111  6:58  High Templar x2  
  115  7:03  Pylon  
  115  7:04  Pylon  
  115  7:05  Pylon  
  115  7:10  Pylon  
  115  7:12  High Templar x2  
  115  7:14  Robotics Facility  
  119  7:15  Pylon  
  119  7:29  Nexus  
  119  7:30  Pylon  
  119  7:35  Photon Cannon  
  119  7:36  Shield Battery  
  119  7:37  Photon Cannon x2  
  119  7:38  Shield Battery  
  119  7:39  Shield Battery  
  119  7:40  High Templar x2  
  119  7:41  Shield Battery  
  123  7:46  Probe x3  
  126  7:52  Pylon  
  126  7:56  High Templar x2  
  130  7:59  Photon Cannon  
  130  8:00  Photon Cannon  
  130  8:01  High Templar  
  130  8:02  Photon Cannon  
  132  8:13  Pylon, Probe  
  132  8:14  Probe x2  
  132  8:16  Photon Cannon  
  132  8:17  Protoss Ground Weapons Level 2 (Chrono Boost)  
  132  8:18  Shield Battery  
  132  8:19  Photon Cannon, High Templar  
  137  8:26  Observer (Chrono Boost)  
  138  8:27  Probe x3  
  138  8:33  Assimilator  
  139  8:35  Assimilator  
  139  8:43  High Templar  
  139  8:44  Zealot, High Templar  
  139  8:45  Zealot x5  
  155  9:02  Immortal (Chrono Boost)  
  154  9:03  Fleet Beacon, Zealot  
  160  9:12  Zealot x5  
  170  9:18  Archon  
  170  9:22  Zealot x3  
  152  9:25  Archon x2  
  152  9:26  Archon  
  136  9:32  Zealot x2  
  136  9:33  Zealot x4  
  136  9:38  Probe x4  
  140  9:54  Photon Cannon, High Templar x3  
  140  9:56  Photon Cannon  
  140  9:58  Shield Battery, Photon Cannon  
  146  10:00  Carrier x2 (Chrono Boost)  
  146  10:02  Photon Cannon  
  158  10:09  Stargate  
  158  10:12  Immortal (Chrono Boost)  
  158  10:21  Zealot x2  
  166  10:23  Zealot x4  
  166  10:25  Pylon  
  166  10:27  High Templar x2  
  154  10:36  Archon  
  140  11:01  Probe x4  
  144  11:06  Zealot, High Templar x2  
  144  11:07  Zealot x4  
  158  11:13  Archon  
  158  11:22  Zealot x2  
  163  11:37  Archon  
Show
View Real Time Build Order
Export as new Build Order

Serral Zerg 

Build Orders: Hatch First 

Get SALT Encoding   

  12  0:00  Drone  
  13  0:12  Overlord  
  13  0:16  Drone  
  14  0:30  Drone  
  15  0:44  Hatchery  
  15  0:47  Drone  
  15  0:50  Drone  
  15  0:54  Drone  
  17  1:10  Spawning Pool  
  16  1:13  Drone  
  16  1:15  Extractor  
  16  1:18  Drone  
  17  1:22  Drone  
  18  1:30  Drone  
  19  1:41  Drone  
  20  1:57  Queen x2  
  20  1:58  Zergling x2  
  20  2:01  Overlord  
  25  2:04  Drone  
  25  2:06  Zergling x2  
  27  2:13  Drone  
  28  2:18  Metabolic Boost  
  28  2:20  Drone  
  29  2:24  Drone  
  30  2:38  Hatchery  
  30  2:43  Drone x2  
  31  2:48  Queen  
  33  2:53  Overlord  
  33  2:56  Drone  
  33  3:00  Drone x2  
  35  3:12  Drone x2  
  37  3:13  Overlord, Drone x2  
  37  3:16  Drone  
  40  3:21  Drone  
  40  3:24  Queen  
  43  3:30  Overlord  
  43  3:35  Spore Crawler  
  43  3:36  Spore Crawler, Drone  
  43  3:37  Drone  
  43  3:38  Drone  
  43  3:41  Drone x2  
  46  3:45  Drone  
  47  3:49  Zergling x2  
  47  3:50  Queen  
  47  3:52  Zergling x2  
  51  3:58  Zergling x2  
  51  3:59  Pneumatized Carapace  
  51  4:00  Drone x2  
  54  4:04  Drone x2  
  54  4:08  Overlord  
  56  4:10  Drone x2  
  56  4:14  Spore Crawler  
  56  4:15  Overlord  
  57  4:17  Zergling x2  
  57  4:19  Overlord  
  58  4:26  Queen  
  58  4:27  Drone x2  
  61  4:36  Zergling x2  
  61  4:37  Overlord, Roach Warren, Drone  
  61  4:38  Drone  
  63  4:40  Drone  
  63  4:41  Drone  
  65  4:47  Lair, Overlord  
  65  4:52  Extractor x2  
  63  4:53  Drone  
  63  4:54  Drone x3  
  63  4:58  Overlord  
  67  5:00  Drone x2  
  67  5:03  Extractor, Overlord  
  67  5:04  Drone  
  67  5:05  Drone  
  70  5:09  Drone  
  70  5:10  Drone  
  70  5:12  Evolution Chamber  
  71  5:15  Drone x4  
  71  5:18  Overlord  
  75  5:21  Drone  
  75  5:22  Drone x3  
  75  5:26  Overlord  
  79  5:30  Drone x2  
  79  5:35  Queen x2  
  81  5:41  Drone  
  81  5:42  Drone x4  
  90  5:47  Drone  
  90  5:48  Extractor x2  
  87  5:52  Spore Crawler, Drone  
  87  5:56  Hatchery  
  86  5:57  Hydralisk Den  
  86  5:59  Drone x2  
  86  6:00  Baneling Nest  
  86  6:01  Zerg Missile Weapons Level 1  
  86  6:05  Overlord  
  86  6:07  Overlord  
  86  6:08  Drone x3  
  89  6:14  Drone x5  
  94  6:21  Overlord  
  94  6:22  Queen x2  
  98  6:26  Overlord  
  98  6:29  Grooved Spines  
  98  6:31  Overlord  
  98  6:34  Drone  
  98  6:35  Overlord, Drone  
  98  6:37  Hydralisk  
  98  6:38  Hydralisk  
  103  6:48  Hydralisk x3  
  103  6:50  Drone  
  109  6:54  Hydralisk, Drone  
  109  6:55  Hydralisk  
  109  6:57  Centrifical Hooks  
  114  7:02  Hydralisk x2  
  114  7:08  Overlord  
  118  7:09  Hydralisk x3  
  118  7:15  Drone  
  125  7:16  Evolution Chamber  
  125  7:18  Drone x5  
  125  7:22  Overlord  
  128  7:23  Hydralisk x2  
  128  7:25  Baneling x2  
  128  7:26  Baneling x2  
  128  7:29  Hydralisk x2  
  132  7:36  Hydralisk x3  
  142  7:40  Muscular Augments  
  142  7:42  Zerg Melee Weapons Level 1  
  142  7:44  Drone  
  142  7:45  Drone  
  142  7:46  Extractor  
  142  7:48  Hydralisk x2, Drone x3  
  142  7:49  Hydralisk  
  142  7:50  Overseer  
  152  7:53  Hydralisk x3  
  152  7:58  Hydralisk x3  
  158  8:03  Zergling x10  
  169  8:06  Overlord  
  169  8:11  Zergling x16  
  177  8:14  Zerg Missile Weapons Level 2  
  177  8:18  Zergling x6  
  180  8:23  Zergling x2  
  180  8:25  Hatchery  
  180  8:30  Baneling x19  
  180  8:37  Zergling x14  
  187  8:44  Zergling x10  
  186  9:00  Baneling x13  
  186  9:01  Zergling x10  
  191  9:09  Zergling x2  
  189  9:10  Zergling x8  
  189  9:21  Zergling x14  
  189  9:22  Zergling x14  
  155  9:32  Hydralisk x3  
  155  9:36  Hydralisk x5  
  155  9:38  Queen x4  
  158  9:46  Hydralisk x6  
  158  9:47  Hydralisk x2  
  158  9:49  Baneling x15  
  171  9:55  Baneling x4  
  171  10:00  Hydralisk x2  
  171  10:01  Hatchery  
  171  10:06  Baneling x5  
  174  10:09  Zergling x2  
  174  10:10  Zergling x16  
  174  10:13  Baneling x2  
  182  10:22  Zergling x4  
  182  10:27  Overlord x2  
  181  10:29  Baneling x8  
  181  10:34  Zergling x18  
  175  10:38  Zergling x12  
  164  10:45  Zergling x4  
  159  10:53  Zergling x18  
  166  10:59  Baneling x11  
  166  11:00  Baneling x9  
  166  11:01  Infestation Pit  
  166  11:02  Zergling x6  
  166  11:05  Hydralisk x2  
  166  11:06  Zergling x2  
  166  11:07  Zergling x6  
  174  11:13  Zergling x2  
  174  11:14  Zergling x8  
Tags
 
Add a new tag
Caveats
  • Supply blocks, unpowered buildings, or Contaminate may cause inaccurate times.
  • Supply counts are checked every 10 seconds.